 Dungeon Crawl Stone Soup version bcrawl-1.40.3b (webtiles) character file.

Game seed: 15774574777227929899

203736 Baz the Insei (level 8, -3/62 HPs)
             Began as a Demonspawn Gladiator on Dec 10, 2023.
             Was an Initiate of Cheibriados.
             Slain by a water moccasin (4 damage)
             ... on level 6 of the Dungeon.
             The game lasted 00:11:43 (5507 turns).

Baz the Insei (Demonspawn Gladiator)                Turns: 5507, Time: 00:11:44

Health: -3/62      AC:  5    Str: 16    XL:     8   Next: 9%
Magic:  10/10      EV: 14    Int: 10    God:    Cheibriados [......]
Gold:   337        SH:  5    Dex: 18    Spells: 6/7 levels left

rFire    . . .     GDR:     32%   - Fists (11.4)
rCold    . . .     SeeInvis +   (no shield)
rNeg     . . .     Gourm    .   a - +0 leather armour
rPois    .         Faith    .   b - +0 helmet
rElec    .         Spirit   .   p - +0 cloak
rCorr    .         Reflect  +   (no gloves)
MR       .....                  (no boots)
Stlth    +++.......             v - +5 amulet of reflection
HPRegen  0.20/turn              o - ring of see invisible
MPRegen  0.12/turn              (no ring)

@: lethally poisoned (-3 -> -14), very slow
A: talons 1, nightstalker 2
a: Bend Time, Renounce Religion


You were on level 6 of the Dungeon.
You worshipped Cheibriados.
Cheibriados was noncommittal.
You were not hungry.

You visited 2 branches of the dungeon, and saw 7 of its levels.

You collected 337 gold pieces.

Inventory:

Missiles
 c - 3 throwing nets {=f}
Armour
 a - a +0 leather armour (worn)
 b - a +0 helmet (worn)
 p - a +0 cloak (worn)
Jewellery
 o - a ring of see invisible (left hand)
 v - a +5 amulet of reflection (around neck)
Wands
 w - a wand of iceblast (8)
Scrolls
 f - a scroll of teleportation {unknown}
 g - 2 scrolls of amnesia {unknown}
 h - 3 scrolls of remove curse {unknown}
 i - a scroll of identify
 l - 2 scrolls of revelation {unknown}
 m - a scroll of noise {unknown}
 r - a scroll of enchant weapon {unknown}
Potions
 d - a potion of heal wounds
 j - a potion of brilliance
 k - a potion of curing
 n - a potion of haste
 q - a potion of cancellation
 t - a potion of degeneration {unknown}
 u - 2 potions of magic {unknown}
 x - a potion of lignification {unknown}
Comestibles
 e - 14 rations {!d}
 s - 5 chunks of flesh


   Skills:
 + Level 5.2 Fighting
 - Level 1.7 Throwing
 + Level 3.5 Armour
 - Level 3.5 Dodging
 * Level 6.1 Unarmed Combat
 - Level 1.4 Summonings
 + Level 3.3 Invocations


You had 6 spell levels left.
You knew the following spells:

 Your Spells              Type           Power        Failure   Level  Hunger
a - Summon Butterflies    Summ           #.......     26%         1    None

Your spell library contained the following spells:

 Spells                   Type           Power        Failure   Level  Hunger
 Apportation              Tloc           #.....       41%         1    None
 Corona                   Hex            #......      41%         1    None
 Infusion                 Chrm           #.......     41%         1    None
 Sandblast                Erth           #.....       41%         1    None
 Slow                     Hex            #.......     41%         1    None


Dungeon Overview and Level Annotations

Branches:
Dungeon (6/12)             Temple (1/1) D:4

Altars:
Ashenzari
Cheibriados
Dithmenos
Fedhas
Gozag
Hepliaklqana
Kikubaaqudgha
Lugonu
Makhleb
Nemelex Xobeh
Okawaru
Qazlal
Ru
Sif Muna
Trog
Uskayaw
Vehumet
Wu Jian
Xom
Yredelemnul


Innate Abilities, Weirdness & Mutations

You have sharp toenails.
You are significantly more attuned to the shadows.


Message History

You feel sick. The worker ant closely misses you. The water moccasin bites you.
* * * LOW HITPOINT WARNING * * *
You are lethally poisoned!
The water moccasin poisons you!
You closely miss the worker ant.
The worker ant is severely wounded.
* * * LOW HITPOINT WARNING * * *
You feel sick. The water moccasin barely misses you. The worker ant bites you.
* * * LOW HITPOINT WARNING * * *
No path to travel!
You feel better. The water moccasin bites you.
* * * LOW HITPOINT WARNING * * *
You are poisoned.
The water moccasin poisons you! The worker ant bites you.
* * * LOW HITPOINT WARNING * * *
You are more poisoned.
The worker ant poisons you! The worker ant bites you.
* * * LOW HITPOINT WARNING * * *
The water moccasin bites you.
You die...

. .# . ... ..= ... . ..
#.# ..# . ###.### #.#....
. ...... ###.#..# .
###..####.Sa...# #
#....<...ha@##.# .
...........#.##.#
.........
........#..#.##.#
#.........
###..#..#....##.#
#......... ####.......##.#
#.........
#..#.....#.####.........
#..##........##.........
#..##....#.#.##.........
#.#...#....#.#.######'###.


You could see a water moccasin, a howler monkey and 2 worker ants.

Vanquished Creatures
  A hungry ghost (D:5)
  An ogre (D:6)
  A phantom (D:4)
  A centaur (D:6)
  3 scorpions
  3 orc priests
  2 hounds (D:5)
  4 orc wizards
  A bullfrog skeleton (D:4)
  A killer bee zombie (D:6)
  A howler monkey zombie (D:6)
  A gnoll (D:2)
  12 adders
  2 oozes
  2 adder skeletons
  6 worms
  4 dart slugs
  4 leopard geckos
  6 orcs
  2 giant cockroaches
  5 goblins
  5 hobgoblins
  15 jackals
  2 quokkas
  6 ball pythons
  7 bats
  3 frilled lizards
  A jackal skeleton (D:5)
  3 kobolds
  A quokka skeleton (D:4)
  A rat (D:3)
107 creatures vanquished.

Notes
Turn   | Place    | Note
-------+----------+-------------------------------------------
     0 | D:1      | Baz the Demonspawn Gladiator began the quest for the Orb.
     0 | D:1      | Reached XP level 1. HP: 18/18 MP: 1/1
   277 | D:1      | Gained mutation: You have sharp toenails. [demonic
                  | ancestry]
   277 | D:1      | Reached XP level 2. HP: 18/24 MP: 2/2
   348 | D:1      | Reached skill level 3 in Unarmed Combat
   999 | D:2      | Gained mutation: You are slightly more attuned to the
                  | shadows. [demonic ancestry]
   999 | D:2      | Reached XP level 3. HP: 29/29 MP: 3/3
  1084 | D:2      | Found a bloodstained altar of Trog.
  1276 | D:2      | Reached skill level 1 in Armour
  1673 | D:2      | Gained mutation: You are significantly more attuned to the
                  | shadows. [demonic ancestry]
  1673 | D:2      | Reached XP level 4. HP: 16/35 MP: 4/4
  2157 | D:3      | Reached XP level 5. HP: 39/42 MP: 5/5
  2180 | D:3      | Reached skill level 4 in Unarmed Combat
  2681 | D:3      | Learned a level 1 spell: Summon Butterflies
  2897 | D:4      | Reached XP level 6. HP: 48/48 MP: 6/6
  2928 | D:4      | Reached skill level 1 in Summonings
  3311 | D:4      | Found a staircase to the Ecumenical Temple.
  3337 | Temple   | Entered the Ecumenical Temple
  3879 | Temple   | Became a worshipper of Cheibriados the Contemplative
  4027 | D:4      | Reached skill level 5 in Unarmed Combat
  4027 | D:4      | Reached XP level 7. HP: 55/55 MP: 7/7
  4068 | D:4      | Reached skill level 1 in Invocations
  4356 | D:5      | Entered Level 5 of the Dungeon
  4493 | D:5      | Noticed a hungry ghost
  4507 | D:5      | Killed a hungry ghost
  4657 | D:5      | Found an iron altar of Okawaru.
  5179 | D:6      | Reached skill level 5 in Fighting
  5265 | D:6      | Reached skill level 6 in Unarmed Combat
  5265 | D:6      | Reached XP level 8. HP: 62/62 MP: 10/10
  5506 | D:6      | HP: 3/62 [worker ant (4)]
  5507 | D:6      | HP: 1/62 [worker ant (1)]
  5507 | D:6      | Slain by a water moccasin

Skill      XL: |  1  2  3  4  5  6  7 |
---------------+----------------------+-----
Unarmed Combat | 3 4 5 6 |  6.1
Dodging        | 3 |  3.5
Armour         | 1 2 3 |  3.5
Fighting       | 4 5 |  5.2
Summonings     | 1 |  1.4
Invocations    | 3 |  3.3
Throwing       | |  1.7

Action                   |  1- 3 |  4- 6 |  7- 9 || total
-------------------------+-------+-------+-------++-------
Melee: Unarmed           |   116 |   183 |    95 ||   394
       Kick              |    20 |    54 |    25 ||    99
       Punch             |     4 |     3 |     2 ||     9
  Use: Scroll            |       |       |     4 ||     4
       Potion            |       |       |     2 ||     2
 Stab: Sleeping          |     4 |    11 |     7 ||    22
  Eat: Chunk             |     4 |    10 |     8 ||    22
       Ration            |       |       |     1 ||     1
Armor: Leather armour    |    23 |    36 |    12 ||    71
Dodge: Dodged            |    52 |    97 |    56 ||   205
Block: Other             |       |       |    11 ||    11
